 Dungeon Crawl Stone Soup version 0.21.1-1-g345015f (webtiles) character file.

1813 sking99 the Blocker (level 8, -5/100 HPs)
             Began as a Minotaur Fighter on June 27, 2018.
             Was a Believer of Okawaru.
             Slain by a killer bee (6 damage)
             ... on level 7 of the Dungeon.
             The game lasted 00:16:06 (5862 turns).

sking99 the Blocker (Minotaur Fighter)              Turns: 5862, Time: 00:16:07

Health: -5/100     AC: 24    Str: 20    XL:     8   Next: 84%
Magic:  8/8        EV:  2    Int:  5    God:    Okawaru [**....]
Gold:   254        SH: 13    Dex: 13    Spells: 7/7 levels left

rFire    . . .     SeeInvis .   a - +0 trident
rCold    . . .     Gourm    .   c - +1 shield
rNeg     + + +     Faith    .   (armour currently unavailable)
rPois    +         Spirit   .   (helmet currently unavailable)
rElec    .         Reflect  .   (cloak currently unavailable)
rCorr    .         Harm     .   (gloves currently unavailable)
MR       .....     NoTele   +   (boots currently unavailable)
Stlth    +.........             (no amulet)
HPRegen  0.26/turn              (no ring)
MPRegen  0.11/turn              (no ring)

@: tree-form
A: (retaliatory headbutt)
a: Heroism, Renounce Religion


You were on level 7 of the Dungeon.
You worshipped Okawaru.
Okawaru was pleased with you.
You were near starving.
You were a tree.
You visited 1 branch of the dungeon, and saw 7 of its levels.

You collected 290 gold pieces.
You spent 36 gold pieces at shops.

Inventory:

Hand Weapons
 a - a +0 trident (weapon)
Armour
 b - a +0 scale mail
 c - a +1 shield (worn)
 v - a +3 ring mail
 x - a +2 ring mail of cold resistance (melded)
Jewellery
 d - a +5 ring of intelligence {unknown}
 e - an uncursed amulet of regeneration {unknown}
 p - a -6 ring of dexterity
 t - a cursed ring of loudness {unknown}
Wands
 n - a wand of paralysis (22)
Scrolls
 h - a scroll of noise {unknown}
 i - a scroll of amnesia {unknown}
 o - a scroll of enchant armour
 q - 4 scrolls of random uselessness
 s - a scroll of blinking {unknown}
 y - a scroll of remove curse
Potions
 g - 2 potions of curing
 j - 2 potions of invisibility
 k - a potion of haste {unknown}
 l - a potion of berserk rage {unknown}
 m - a potion of lignification
 r - 3 potions of flight
 u - a potion of ambrosia {unknown}
 z - a potion of magic {unknown}
Books
 w - a book of Necromancy

   Spells                             Type                      Level
   a - Pain                           Necromancy                   1
   b - Animate Skeleton               Necromancy                   1
   c - Vampiric Draining              Necromancy                   3
   d - Regeneration                   Charms/Necromancy            3
   e - Animate Dead                   Necromancy                   4
   f - Borgnjor's Vile Clutch         Necromancy/Earth             5
Comestibles
 f - 14 rations


   Skills:
 - Level 4.8 Fighting
 * Level 9.0 Polearms
 - Level 4.9 Armour
 * Level 9.6 Shields
 - Level 2.6 Invocations


You had 7 spell levels left.
You didn't know any spells.

Dungeon Overview and Level Annotations

Branches:
Dungeon (7/15)
 Temple: D:4-7

Altars:
Okawaru
Yredelemnul

Shops:
D:6 :*?:

Annotations:
D:4 ChungusAmongUs's ghost, amateur TrBe


Innate Abilities, Weirdness & Mutations

((You reflexively headbutt those who attack you in melee.))
((You have a pair of horns on your head.))


Message History

You miss the killer bee.
The killer bee is almost dead.
You block the killer bee's attack.
The killer bee stings you but does no damage.
You miss the killer bee.
The killer bee is almost dead.
The killer bee stings you but does no damage.
The ogre hits you but does no damage. You block the killer bee's attack.
You closely miss the killer bee.
The killer bee is almost dead.
You block the killer bee's attack. The killer bee stings you.
* * * LOW HITPOINT WARNING * * *
The ogre hits you but does no damage.
You hit the killer bee.
The killer bee is almost dead.
You block the killer bee's attack.
You miss the killer bee.
The killer bee is almost dead.
You block the killer bee's attack. The killer bee stings you.
You die...

#.....# #.....##### #######
#.........# #.....# #.....###.#
####### #.###.# #.....# #.#
#.....# #.# #.#####.### #.#
#.###.# #.# #....<..# #.# #.#
#.########O########### #.# #.#
#..........♣yy# #.# #.#
###.#########.#### #.# ##.# #.#
#.).....# #.# #^.# #.# #.##.##.#
###.. #.## #.# ##.##.##.# ##.#..
#.######.#####...#.##.######.#.#.
#.##.....................##.###[#
#.#.#.##.#.#.#...#....##...## ##.
...###.#...#.##.####..#####.###.#


You could see an ogre and 2 killer bees.

Vanquished Creatures
  Duvessa (D:6)
  An orc warrior (D:6)
  An ice beast (D:5)
  An ogre (D:4)
  A phantom (D:5)
  2 bullfrogs
  Dowan (D:6)
  8 killer bees (D:7)
  2 crimson imps
  2 orc priests
  2 centaur skeletons (D:6)
  5 hounds
  A gnoll shaman (D:6)
  A bullfrog skeleton (D:5)
  Natasha (D:4)
  9 orc wizards
  A worker ant (D:7)
  5 gnolls (D:6)
  An adder (D:2)
  A worm (D:3)
  A dart slug (D:1)
  5 leopard geckos
  8 orcs
  6 bats
  6 giant cockroaches
  6 goblins
  5 hobgoblins
  10 kobolds
  A quokka (D:2)
  A ball python (D:3)
  3 frilled lizards
  A leopard gecko zombie (D:7)
  A quokka skeleton (D:6)
  8 rats
109 creatures vanquished.

Notes
Turn   | Place    | Note
-------+----------+-------------------------------------------
     0 | D:1      | sking99 the Minotaur Fighter began the quest for the Orb.
     0 | D:1      | Reached XP level 1. HP: 19/19 MP: 0/0
   189 | D:1      | Reached XP level 2. HP: 27/27 MP: 1/1
   446 | D:1      | Reached XP level 3. HP: 32/33 MP: 2/2
  1648 | D:3      | Reached XP level 4. HP: 40/40 MP: 3/3
  1661 | D:3      | Found an iron altar of Okawaru.
  1679 | D:3      | Became a worshipper of Warmaster Okawaru
  1924 | D:4      | Noticed an ogre
  2100 | D:4      | Killed an ogre
  2100 | D:4      | Reached skill level 5 in Shields
  2100 | D:4      | Reached XP level 5. HP: 27/47 MP: 4/4
  2238 | D:4      | Noticed Natasha
  2251 | D:4      | Killed Natasha
  2388 | D:4      | Noticed ChungusAmongUs's ghost (amateur TrBe)
  2396 | D:4      | Reached * piety under Okawaru
  2851 | D:5      | Entered Level 5 of the Dungeon
  2856 | D:5      | Reached XP level 6. HP: 48/53 MP: 5/5
  2886 | D:5      | Noticed an ice beast
  2899 | D:5      | Killed an ice beast
  2899 | D:5      | Reached skill level 5 in Polearms
  3284 | D:5      | Reached XP level 7. HP: 53/60 MP: 3/6
  3296 | D:5      | Reached skill level 1 in Invocations
  3298 | D:5      | Found a basalt altar of Yredelemnul.
  3607 | D:6      | Noticed Duvessa
  3607 | D:6      | Noticed Dowan
  3629 | D:6      | Killed Dowan
  3666 | D:6      | Killed Duvessa
  3666 | D:6      | Reached ** piety under Okawaru
  3959 | D:6      | Reached XP level 8. HP: 15/67 MP: 8/8
  4371 | D:6      | Found Kamma's Magic Scroll Emporium.
  4415 | D:6      | Bought a scroll of remove curse for 36 gold pieces
  4429 | D:6      | Found Ronnojyarr's Assorted Antiques.
  4733 | D:6      | Found Seegrad's Book Shoppe.
  5031 | D:6      | Found Igumma Ikhla's Book Emporium.
  5857 | D:7      | HP: 3/100 [ogre/giant spiked club (13)]
  5860 | D:7      | HP: 1/100 [killer bee (3)]
  5862 | D:7      | Slain by a killer bee

Skill      XL: |  1  2  3  4  5  6  7  8 |
---------------+-------------------------+-----
Shields        | 4 5 6 7 9 |  9.6
Polearms       | 3 4 5 7 9 |  9.0
Fighting       | 4 |  4.8
Armour         | 4 |  4.9
Invocations    | 2 |  2.6

Action                   |  1- 3 |  4- 6 |  7- 9 || total
-------------------------+-------+-------+-------++-------
Melee: Trident           |   152 |    75 |   238 ||   465
       Headbutt          |    20 |    15 |    38 ||    73
Throw: Throwing net      |       |     1 |       ||     1
Invok: Heroism           |       |     2 |     3 ||     5
  Use: Scroll            |       |     7 |     5 ||    12
       Potion            |       |     2 |     7 ||     9
 Stab: Invisible         |       |       |     1 ||     1
  Eat: Chunk             |     2 |     2 |     7 ||    11
       Ration            |       |     1 |       ||     1
Armor: Scale mail        |    48 |    12 |     1 ||    61
       Ring mail         |       |       |    48 ||    48
       Skin              |       |       |    57 ||    57
Dodge: Dodged            |    31 |    16 |    54 ||   101
Block: Shield            |    53 |    33 |   126 ||   212
